 Dungeon Crawl Stone Soup version 0.31-a0-819-gf6de2f5ab6 (webtiles) character file.

Game seed: 9438737410265126020

26 geedmat the Ducker (level 2, -3/22 HPs)
             Began as a Demonspawn Gladiator on Sept 24, 2023.
             Succumbed to a kobold's poison
             ... on level 2 of the Dungeon.
             The game lasted 00:11:20 (833 turns).

geedmat the Ducker (Demonspawn Gladiator)            Turns: 833, Time: 00:11:21

Health: -3/22      AC:  4    Str: 14    XL:     2   Next: 89%
Magic:  2/2        EV: 12    Int:  9    God:
Gold:   98         SH:  0    Dex: 14    Spells: 1/1 levels left

rFire   . . .        a - +0 long sword
rCold   . . .        (no shield)
rNeg    . . .        b - +0 leather armour
rPois   .            c - +0 helmet
rElec   .            (no cloak)
rCorr   .            (no gloves)
SInv    .            (no boots)
Will    .....        (no amulet)
Stlth   +            (no ring)
HPRegen 0.23/turn    (no ring)
MPRegen 0.08/turn

%: no passive effects
@: lethally poisoned (-3 -> -19)
A: claws 1
a: no special abilities


You were on level 2 of the Dungeon.
You visited 1 branch of the dungeon, and saw 2 of its levels.

You collected 98 gold pieces.

Inventory:

Hand Weapons
 a - a +0 long sword (weapon)
Missiles
 d - 3 throwing nets
 e - a javelin
 g - 4 boomerangs (quivered)
 t - 14 stones
Armour
 b - a +0 leather armour (worn)
 c - a +0 helmet (worn)
 k - a +0 chain mail
 r - a +0 helmet
Jewellery
 i - a ring of protection from fire
 m - a ring of protection from cold
 p - a ring of positive energy
 u - an amulet of guardian spirit
 v - a ring of positive energy
Talismans
 h - a maw talisman
Scrolls
 j - a scroll of amnesia {unknown}
 l - a scroll of noise {unknown}
 n - a scroll of fear {unknown}
 q - a scroll of identify {unknown}
Potions
 f - a potion of berserk rage {unknown}
 o - 2 potions of might {unknown}
 s - a potion of attraction {unknown}


   Skills:
 - Level 2.0 Fighting
 - Level 2.1(2.8) Short Blades
 - Level 2.6(3.1) Long Blades
 - Level 2.0 Throwing
 - Level 2.6 Dodging
 + Level 0.0 Unarmed Combat


You had one spell level left.
You didn't know any spells.
Your spell library was empty.

Dungeon Overview and Level Annotations

Branches:
Dungeon (2/15)

Altars:


Innate Abilities, Weirdness & Mutations

You have sharp fingernails.


Message History

You closely miss the giant cockroach. The giant cockroach barely misses you.
The kobold attacks as it pursues you!
The kobold hits you with a +2 short sword of venom.
You are poisoned.
The giant cockroach attacks as it pursues you!
The giant cockroach bites you but does no damage.
You closely miss the kobold.
You feel sick. The giant cockroach barely misses you.
The kobold hits you with a +2 short sword of venom.
You feel sick.
You barely miss the giant cockroach.
You feel sick.
The giant cockroach bites you but does no damage.
The kobold barely misses you. The giant cockroach barely misses you.
You scratch the giant cockroach but do no damage.
You feel sick. The kobold hits you but does no damage.
You are more poisoned.
The giant cockroach closely misses you.
Sorry, you're not good enough to have a special ability.
Unknown command.
Unknown command.
a - a +0 long sword (weapon)
You feel sick.
You hit the kobold.
The kobold is moderately wounded.
You feel very sick. The giant cockroach misses you.
The giant cockroach bites you. The kobold closely misses you.
You barely miss the kobold.
The kobold is moderately wounded.
* * * LOW HITPOINT WARNING * * *
You feel sick. The giant cockroach barely misses you.
The kobold closely misses you.
The kobold hits you with a +2 short sword of venom.
* * * LOW HITPOINT WARNING * * *
You are more poisoned.
Unknown command.
Unknown command.
You closely miss the kobold.
The kobold is moderately wounded.
You die...

............#
#######.....#
..... #.....#####
.....
#.........+......
#.....#####......
#.)......##......
#................
#....KK..........
#....@B..........
#.....###........
####### #........
.........
.........
..........
......##.=
#......# ..


You could see a giant cockroach and 2 kobolds.

Vanquished Creatures
  4 bats (D:1)
  An endoplasm (D:1)
  2 giant cockroaches (D:1)
  2 goblins (D:1)
  5 hobgoblins (D:1)
  A ball python (D:1)
  4 frilled lizards
  2 kobolds (D:1)
  3 rats (D:1)
24 creatures vanquished.

Notes
Turn   | Place    | Note
-------+----------+-------------------------------------------
     0 | D:1      | geedmat the Demonspawn Gladiator began the quest for the
                  | Orb.
     0 | D:1      | Reached XP level 1. HP: 16/16 MP: 1/1
   174 | D:1      | Reached skill level 1 in Short Blades
   187 | D:1      | Gained mutation: You have sharp fingernails. [demonic
                  | ancestry]
   187 | D:1      | Reached XP level 2. HP: 22/22 MP: 2/2
   739 | D:1      | You fall into a shaft and drop 1 floor!
   833 | D:2      | Succumbed to a kobold's poison

Illustrated notes

Levels and vault maps discovered:
D:1:      dpeg_arrival_castle, layout_basic, serial_shops, nicolae_square_shop,
          chequers_serial_rivers_small_3, minmay_strange_pillars, fountainhead
D:2:      wad_lake_hut, layout_basic

Skill      XL: |  1  2 |
---------------+-------+-----
Short Blades   | 1 2 |  2.1
Throwing       | 2 |  2.0
Fighting       | |  2.0
Long Blades    | |  2.6
Dodging        | |  2.6

Action                     || total
---------------------------++-------
  Melee: Long sword        ||    71
         Unarmed           ||    14
         Punch             ||     1
  Throw: Boomerang         ||     8
         Throwing net      ||     1
 Armour: Leather armour    ||    68
  Dodge: Dodged            ||    79

Table legend: (Time is in decaauts)
 A = Elapsed time spent in this place.
 B = Non-inter-level travel time spent in this place.
 C = Inter-level travel time spent in this place.
 D = Time resting spent in this place.
 E = Time spent auto-exploring this place.
 F = Levels seen in this place.
 G = Mean time per level.
                   A        B        C        D        E       F      G
               +--------+--------+--------+--------+--------+-----+--------+
         Total |    855 |    855 |      0 |     99 |    384 |   2 |  427.5 |
       Dungeon |    855 |    855 |      0 |     99 |    384 |   2 |  427.5 |
               +--------+--------+--------+--------+--------+-----+--------+

Top non-repeatable levels by time:
     D:1: 761 daAuts
     D:2: 93 daAuts
